 Dungeon Crawl Stone Soup version 0.29.1-13-g9f3cf754e1 (webtiles) character file.

Game seed: 1166776344510811844

92 xian the Gusty (level 4, -2/30 HPs)
             Began as a Demonspawn Air Elementalist on Feb 8, 2023.
             Killed by nerve-wracking pain
             ... invoked by Grinder
              (13 damage)
             ... on level 3 of the Dungeon.
             The game lasted 00:06:04 (3013 turns).

xian the Gusty (Demonspawn Air Elementalist)        Turns: 3013, Time: 00:06:05

Health: -2/30      AC:  4    Str:  8    XL:     4   Next: 35%
Magic:  3/8        EV: 11    Int: 19    God:
Gold:   154        SH:  0    Dex: 15    Spells: 5/8 levels left

rFire   . . .      SeeInvis .   g - +1 dagger (venom)
rCold   . . .      Faith    .   (no shield)
rNeg    . . .      Spirit   .   b - +0 leather armour {rPois}
rPois   +          Reflect  .   o - +0 helmet
rElec   .          Harm     .   (no cloak)
rCorr   .          Rampage  .   (no gloves)
Will    .....                   (no boots)
Stlth   +++.......              (no amulet)
HPRegen 0.10/turn               (no ring)
MPRegen 0.11/turn               (no ring)

@: no status effects
A: thin skeletal structure 1, demonic guardian 1
a: no special abilities


You were on level 3 of the Dungeon.
You visited 1 branch of the dungeon, and saw 4 of its levels.

You collected 154 gold pieces.

Inventory:

Hand Weapons
 g - a +1 dagger of venom (weapon)
Armour
 b - a +0 leather armour of poison resistance (worn)
 o - a +0 helmet (worn)
Jewellery
 e - a ring of poison resistance
Scrolls
 a - a scroll of fear {unknown}
 d - a scroll of summoning {unknown}
 j - a scroll of enchant weapon {unknown}
 k - 3 scrolls of identify {unknown}
 n - a scroll of magic mapping {unknown}
Potions
 c - a potion of lignification {unknown}
 f - 4 potions of mutation {unknown}
 h - 3 potions of curing {unknown}
 i - a potion of might {unknown}
 l - 3 potions of degeneration {unknown}
 m - a potion of flight {unknown}
 p - a potion of heal wounds {unknown}


   Skills:
 + Level 0.1 Fighting
 + Level 0.4 Short Blades
 + Level 1.9 Dodging
 + Level 2.4 Stealth
 + Level 0.2 Unarmed Combat
 + Level 2.8 Spellcasting
 + Level 1.6 Conjurations
 + Level 3.3 Air Magic


You had 5 spell levels left.
You knew the following spells:

 Your Spells              Type           Power      Damage    Failure   Level
a - Shock                 Conj/Air       48%        1d6       9%          1
b - Static Discharge      Conj/Air       12%        3-5/arc   12%         2

Your spell library contained the following spells:

 Spells                   Type           Power      Damage    Failure   Level
 Swiftness                Air            15%        N/A       17%         3
 Apportation              Tloc           4%         N/A       22%         1
 Necrotise                Necr           8%         1d4       22%         1
 Summon Small Mammal      Summ           8%         N/A       22%         1
 Airstrike                Air            7%         2d(2-18)  50%         4
 Summon Lightning Spire   Summ/Air       9%         N/A       75%         4
 Storm Form               Tmut/Air       4%         N/A       100%        7
 Maxwell's Capacitive Co  Air            7%         ∞         100%        8


Dungeon Overview and Level Annotations

Branches:
Dungeon (4/15)
 Temple: D:4-7

Altars:

Annotations:
D:3 Grinder


Innate Abilities, Weirdness & Mutations

You have a somewhat thin skeletal structure. (Dex +2, Stealth+)
A weak demonic guardian rushes to your aid.


Message History

There is a stone staircase leading down here.
Grinder gestures at you.
You barely resist.
You climb downwards.
Found a ring mail.
There is a stone staircase leading up here.
You start resting.
Magic restored.
You start resting.
HP restored.
You climb upwards.
Level annotation: Grinder
There is a stone staircase leading down here.
The zap hits Grinder.
Grinder is lightly wounded.
The zap misses Grinder.
The zap hits Grinder.
Grinder is lightly wounded.
The zap hits Grinder.
Grinder is moderately wounded.
Grinder gestures at you.
You suddenly lose the ability to move!
Grinder gestures at you. Pain shoots through your body!
Grinder gestures at you. Pain shoots through your body!
Grinder gestures at you.
You shrug off the repeated paralysis!
You can move again.
Casting: Shock (safe; 9% risk of failure)
Confirm with . or Enter, or press ? or * to list all spells.
Grinder is struck by an arc of lightning!
Grinder is heavily wounded.
You are struck by an arc of lightning.
Grinder is struck by an arc of lightning.
Grinder is heavily wounded.
The lightning grounds out.
Grinder gestures at you. Pain shoots through your body!
You die...

..# #.........######..... #.#
#...................#
###.####..................#
#....###..................#
#.........................#
#.....†#..................#
#......#..................#
######....#....5...............#
#.)....5).#....@.....###########
#.###.....###........# ...
#.##### ###+###### ... #.# (..
#.# ... #.. ... ..# .K. #.#


You could see Grinder.

Vanquished Creatures
  3 adders
  3 worms
  2 dart slugs
  10 orcs (D:3)
  An endoplasm (D:2)
  A goblin (D:3)
  3 hobgoblins
  3 jackals (D:2)
  5 kobolds
  3 quokkas
  A ball python (D:3)
  4 bats
  2 frilled lizards (D:2)
  2 rats
43 creatures vanquished.

Notes
Turn   | Place    | Note
-------+----------+-------------------------------------------
     0 | D:1      | xian the Demonspawn Air Elementalist began the quest for
                  | the Orb.
     0 | D:1      | Reached XP level 1. HP: 13/13 MP: 3/3
   695 | D:1      | Found a faded altar of an unknown god.
   856 | D:2      | Reached skill level 3 in Air Magic
   887 | D:2      | Gained mutation: You have a somewhat thin skeletal
                  | structure. (Dex +2, Stealth+) [demonic ancestry]
   887 | D:2      | Reached XP level 2. HP: 19/19 MP: 0/5
   890 | D:2      | Learned a level 2 spell: Static Discharge
  1747 | D:2      | Reached XP level 3. HP: 24/24 MP: 6/6
  2345 | D:3      | Gained mutation: A weak demonic guardian rushes to your
                  | aid. [demonic ancestry]
  2345 | D:3      | Reached XP level 4. HP: 10/30 MP: 3/8
  2838 | D:3      | Noticed Grinder
  3008 | D:3      | Paralysed by Grinder for 5 turns
  3013 | D:3      | Killed from afar by Grinder

Illustrated notes

Levels and vault maps discovered:
D:1:      minmay_arrival_stone_box, layout_basic, ebering_ecumenical_altar_hall
D:2:      layout_basic
D:3:      layout_basic, uniq_grinder
D:4:      layout_basic, temple_green, ebering_ghost_sewer_d

Skill      XL: |  1  2 |
---------------+-------+-----
Air Magic      | 3 |  3.3
Stealth        | 2 |  2.4
Fighting       | |  0.1
Short Blades   | |  0.4
Dodging        | |  1.9
Unarmed Combat | |  0.2
Spellcasting   | |  2.8
Conjurations   | |  1.6

Action                   |  1- 3 |  4- 6 || total
-------------------------+-------+-------++-------
Melee: Unarmed           |    20 |       ||    20
       Dagger            |    32 |     7 ||    39
 Cast: Shock             |    52 |    16 ||    68
       Static Discharge  |     3 |     4 ||     7
  Use: Potion            |     1 |       ||     1
 Stab: Sleeping          |     1 |       ||     1
Armor: Robe              |     8 |     3 ||    11
Dodge: Dodged            |    42 |    14 ||    56
